 Dungeon Crawl Stone Soup version 0.28.0 (webtiles) character file.

Game seed: 5606041473910464369

17329 Asparus the Destroyer (level 12, -2/91 HPs)
             Began as a Demonspawn Conjurer on Feb 18, 2022.
             Was an Elder of Cheibriados.
             Slain by a blink frog (15 damage)
             ... on level 1 of the Lair of Beasts.
             The game lasted 00:32:52 (15463 turns).

Asparus the Destroyer (Demonspawn Conjurer)        Turns: 15463, Time: 00:32:52

Health: -2/91      AC:  8    Str: 18    XL:     12   Next: 17%
Magic:  19/26      EV: 20    Int: 40    God:    Cheibriados [****..]
Gold:   655        SH:  0    Dex: 22    Spells: 14/31 levels left

rFire   + . .      SeeInvis .   r - +3 trident (freeze)
rCold   + . .      Faith    .   (no shield)
rNeg    . . .      Spirit   .   y - +2 robe {rF+}
rPois   .          Reflect  .   (no helmet)
rElec   .          Harm     .   p - +1 cloak {rCorr}
rCorr   +          Rampage  .   (no gloves)
Will    .....                   j - +1 pair of boots
Stlth   ++........              (no amulet)
HPRegen 0.25/turn               q - ring of protection from cold
MPRegen 0.20/turn               v - +6 ring of intelligence

@: liquefying, slowed movement, very slow
A: repulsion field 2, condensation shield, demonic magic 2, weakness stinger 2
a: Renounce Religion, Bend Time, Temporal Distortion, Slouch


You were on level 1 of the Lair of Beasts.
You worshipped Cheibriados.
Cheibriados was greatly pleased with you.
You visited 3 branches of the dungeon, and saw 14 of its levels.
You also visited: Sewer.

You collected 655 gold pieces.

Inventory:

Hand Weapons
 r - a +3 trident of freezing (weapon)
Missiles
 b - a curare-tipped dart
 x - a throwing net
Armour
 j - a +1 pair of boots (worn)
 p - a +1 cloak of preservation (worn)
 t - +0 acid dragon scales
 w - a +2 robe of positive energy
 y - a +2 robe of fire resistance (worn)
Magical Staves
 l - a staff of fire
Jewellery
 q - a ring of protection from cold (left hand)
 u - a +6 ring of strength
 v - a +6 ring of intelligence (right hand)
 C - a ring of positive energy
 D - a ring of willpower
 F - a ring of flight
Wands
 o - a wand of polymorph (10)
 s - a wand of acid (4)
 E - a wand of mindburst (5)
Scrolls
 a - 8 scrolls of identify
 d - 3 scrolls of amnesia
 f - 3 scrolls of teleportation
 k - a scroll of immolation
 n - 2 scrolls of enchant armour
 A - a scroll of holy word
 B - 2 scrolls of enchant weapon
Potions
 c - 9 potions of curing
 e - a potion of brilliance
 g - 2 potions of invisibility
 h - 2 potions of resistance
 i - 5 potions of haste
 m - 4 potions of mutation
 z - 2 potions of flight
 G - a potion of heal wounds
 H - a potion of magic


   Skills:
 + Level 7.4 Fighting
 - Level 7.0 Dodging
 - Level 2.0 Stealth
 + Level 10.2 Spellcasting
 + Level 11.6 Conjurations
 - Level 6.0 Hexes
 + Level 1.4 Transmutations
 + Level 6.3 Earth Magic


You had 14 spell levels left.
You knew the following spells:

 Your Spells              Type           Power      Damage    Failure   Level
a - Magic Dart            Conj           100%       1d8       0%          1
b - Searing Ray           Conj           100%       2d8       1%          2
c - Fulminant Prism       Conj/Hex       37%        3d18      1%          4
d - Leda's Liquefaction   Hex/Erth       31%        N/A       1%          4
e - Statue Form           Tmut/Erth      34%        N/A       47%         6

Your spell library contained the following spells:

 Spells                   Type           Power      Damage    Failure   Level
 Pain                     Necr           80%        1d8       1%          1
 Ensorcelled Hibernation  Hex/Ice        88%        N/A       1%          2
 Passwall                 Tmut/Erth      42%        N/A       1%          2
 Dazzling Flash           Conj/Hex       100%       N/A       1%          3
 Portal Projectile        Hex/Tloc       88%        N/A       1%          3
 Iskenderun's Mystic Bla  Conj/Tloc      61%        2d13      1%          4
 Corpse Rot               Necr/Air       40%        N/A       2%          2
 Poisonous Vapours        Pois/Air       40%        N/A       2%          2
 Petrify                  Tmut/Erth      51%        N/A       3%          4
 Call Canine Familiar     Summ           20%        N/A       5%          3
 Swiftness                Air            20%        N/A       5%          3
 Metabolic Englaciation   Hex/Ice        22%        N/A       14%         5
 Agony                    Necr           20%        N/A       43%         5
 Excruciating Wounds      Necr           10%        N/A       43%         5


Dungeon Overview and Level Annotations

Branches:
Dungeon (12/15)            Temple (1/1) D:5            Lair (1/6) D:9
    Orc (0/2) D:11          Sewer (visited)

Altars:
Ashenzari
Cheibriados
Dithmenos
Elyvilon
Fedhas
Gozag
Hepliaklqana
Kikubaaqudgha
Makhleb
Nemelex Xobeh
Okawaru
Qazlal
Ru
Sif Muna
Trog
Uskayaw
Vehumet
Wu Jian
Xom
Yredelemnul
Zin
The Shining One

Shops:
D:9 (   D:12 [


Innate Abilities, Weirdness & Mutations

You are surrounded by a moderate repulsion field. (EV +3)
A meltable shield of frost defends you. (SH +0)
Spells you cast may paralyse nearby enemies.
You have a tail ending in a sharp stinger.


Message History

You hear the loud beating of a drum nearby.
You hear the crackling of a distant melting archway.
The blink frog closely misses you. The blink frog hits you!
You are too injured to fight recklessly!
Unknown command.
Really read the scroll of immolation?
As you read the scroll of immolation, it crumbles to dust.
The creatures around you are filled with an inner flame!
The blink frog barely misses you. The blink frog closely misses you.
Casting: Leda's Liquefaction (mildly dangerous; 1% risk of failure)
Confirm with . or Enter, or press ? or * to list all spells.
Aiming: Searing Ray (safe; 1% risk of failure)
Press: ? - help, Shift-Dir - straight line, f/p - blink frog
Aim: a blink frog (inner flame, covering ground slowly, 70% to hit)
The searing ray hits the blink frog!
Flame seeps out of the blink frog.
The blink frog is moderately wounded. (Press . to maintain the ray.) Malevolent energies surge around you.
The blink frog suddenly stops moving!
The blink frog is engulfed in blazing flames.
Flame seeps out of the blink frog.
The blink frog misses you.
Unknown command.
The blink frog is engulfed in blazing flames.
Flame seeps out of the blink frog.
The blink frog blinks!
The blink frog misses you. The blink frog closely misses you.
The blink frog hits you!
The blink frog blinks!
You block the blink frog's attack.
You hit the blink frog.
The blink frog seems to slow down.
You freeze the blink frog.
Cheibriados appreciates the change of pace.
The blink frog explodes!
The fiery explosion engulfs you!
Your condensation shield dissipates!
You resist.
* * * LOW HITPOINT WARNING * * *
You are engulfed in blazing flames.
You resist.
* * * LOW HITPOINT WARNING * * *
You hear an angry hiss.
You hear a bellow! x2
The blink frog is no longer paralysed.
The blink frog barely misses you. The blink frog hits you!
You die...

.#.#...............# ##
....................S..
.................. ...
............... .. .
####.......##+P###.#....
....+(..........?...#
...........#........#
......F..F..............
...#§.@F..............#
#§§§...+............
#§§§...#........#..#
#......###..##.##..#
##............... ..
#≈...####.###.#..
##≈..## .. .. #≈≈.## .
##≈P.#


You could see 3 blink frogs.

Vanquished Creatures
  Erolcha (D:10)
  Erica (D:8)
  8 two-headed ogres
  An ugly thing (D:9)
  A cane toad (Lair:1)
  Psyche (D:10)
  Maggie (D:6)
  3 komodo dragons
  A troll (D:11)
  Grinder (D:6)
  A hornet (D:10)
  A blink frog (Lair:1)
  2 shadows
  4 wyverns
  2 yaks (D:9)
  A basilisk (D:9)
  8 vampire mosquitoes (D:10)
  2 acid dragons
  4 water moccasins
  A swamp drake (D:9)
  An ice beast (D:5)
  7 orc warriors
  2 black bears
  An ogre (D:5)
  2 necrophages (D:6)
  2 centaurs
  2 phantoms
  3 kobold brigands
  3 bullfrogs
  A gnoll sergeant (D:9)
  2 wyvern skeletons (D:6)
  2 killer bees (D:9)
  9 wights
  6 howler monkeys
  A lava snake (D:11)
  2 jellies
  2 bullfrog zombies
  5 centaur zombies
  8 orc priests
  4 gnoll shamans
  A bullfrog skeleton (D:6)
  Crazy Yiuf (D:5)
  5 hounds
  2 iguanas
  Natasha (thrice) (D:3)
  15 orc wizards
  2 howler monkey zombies
  18 gnolls
  10 adders
  A river rat (Sewer)
  A shadow imp (D:5)
  2 white imps (D:6)
  4 worms
  3 dart slugs
  44 orcs
  13 endoplasms
  6 giant cockroaches
  7 goblins
  10 hobgoblins
  5 quokkas
  9 ball pythons
  8 bats
  6 frilled lizards
  13 kobolds
  8 rats
307 creatures vanquished.

Vanquished Creatures (others)
  29 fulminant prisms
  A plant (Lair:1)
30 creatures vanquished.

Grand Total: 337 creatures vanquished

Notes
Turn   | Place    | Note
-------+----------+-------------------------------------------
     0 | D:1      | Asparus the Demonspawn Conjurer began the quest for the
                  | Orb.
     0 | D:1      | Reached XP level 1. HP: 13/13 MP: 3/3
    18 | D:1      | Found a faded altar of an unknown god.
   325 | D:1      | Gained mutation: You have a small tail. [demonic ancestry]
   325 | D:1      | Reached XP level 2. HP: 20/20 MP: 3/5
   568 | D:1      | Reached skill level 1 in Fighting
   613 | D:1      | Learned a level 2 spell: Searing Ray
   817 | D:1      | Gained mutation: A meltable shield of frost defends you.
                  | (SH +0) [demonic ancestry]
   817 | D:1      | Reached XP level 3. HP: 26/26 MP: 2/6
  1445 | D:2      | Identified the +5 chain mail of Words of Power {rElec rPois
                  | rC- Str-2}
  1491 | D:2      | Gained mutation: You are surrounded by a mild repulsion
                  | field. (EV +2) [demonic ancestry]
  1491 | D:2      | Reached XP level 4. HP: 4/33 MP: 0/8
  1981 | D:2      | Learned a level 4 spell: Fulminant Prism
  2297 | D:3      | Noticed Natasha
  2362 | D:3      | Noticed a black bear
  2372 | D:3      | Killed a black bear
  2373 | D:3      | Reached skill level 1 in Hexes
  2373 | D:3      | Gained mutation: You have a tail ending in a sharp stinger.
                  | [demonic ancestry]
  2373 | D:3      | Reached XP level 5. HP: 18/39 MP: 0/9
  2724 | D:3      | Killed Natasha
  2790 | D:3      | Noticed a phantom
  2801 | D:3      | Killed a phantom
  2802 | D:3      | Reached skill level 5 in Conjurations
  2802 | D:3      | Reached XP level 6. HP: 31/46 MP: 4/11
  3018 | D:3      | Noticed Natasha
  3024 | D:3      | Killed Natasha
  3162 | D:3      | Noticed Natasha
  3166 | D:3      | Killed Natasha
  3444 | D:4      | Found a glowing drain.
  3456 | Sewer    | Entered a sewer
  4075 | Sewer    | Reached skill level 8 in Conjurations
  4075 | Sewer    | Gained mutation: You are surrounded by a moderate repulsion
                  | field. (EV +3) [demonic ancestry]
  4075 | Sewer    | Reached XP level 7. HP: 59/59 MP: 12/17
  4159 | D:4      | Reached XP level 8. HP: 64/65 MP: 18/18
  4339 | D:4      | Found an ancient bone altar of Kikubaaqudgha.
  4926 | D:5      | Entered Level 5 of the Dungeon
  5141 | D:5      | Found a runed translucent door.
  5142 | D:5      | Noticed Crazy Yiuf
  5433 | D:5      | Noticed an angel
  5464 | D:5      | Found a staircase to the Ecumenical Temple.
  5679 | Temple   | Entered the Ecumenical Temple
  5697 | Temple   | Became a worshipper of Cheibriados the Contemplative
  6596 | D:5      | Killed Crazy Yiuf
  7091 | D:6      | Found a shimmering blue altar of Sif Muna.
  7265 | D:6      | Reached XP level 9. HP: 66/71 MP: 14/19
  7418 | D:6      | Noticed Grinder
  7422 | D:6      | Killed Grinder
  7578 | D:6      | Reached * piety under Cheibriados
  7729 | D:6      | Noticed Maggie
  7734 | D:6      | Killed Maggie
  8066 | D:7      | Reached skill level 9 in Conjurations
  8845 | D:7      | Learned a level 4 spell: Leda's Liquefaction
  8907 | D:7      | Gained mutation: Spells you cast may paralyse adjacent
                  | enemies. [demonic ancestry]
  8907 | D:7      | Reached XP level 10. HP: 79/79 MP: 21/21
  8912 | D:7      | Found a sparkling altar of Nemelex Xobeh.
  8914 | D:7      | Found a shadowy altar of Dithmenos.
  9093 | D:8      | Reached skill level 5 in Hexes
  9094 | D:8      | Reached ** piety under Cheibriados
  9315 | D:8      | Reached skill level 1 in Earth Magic
  9591 | D:8      | Noticed Erica
  9603 | D:8      | Killed Erica
 10552 | D:9      | Reached *** piety under Cheibriados
 11264 | D:9      | Found a staircase to the Lair.
 11430 | D:9      | Noticed a purple ugly thing
 11434 | D:9      | Noticed a two-headed ogre
 11436 | D:9      | Noticed a two-headed ogre
 11442 | D:9      | Killed a purple ugly thing
 11443 | D:9      | Reached skill level 10 in Conjurations
 11445 | D:9      | Killed a two-headed ogre
 11445 | D:9      | Noticed a two-headed ogre
 11446 | D:9      | Gained mutation: Spells you cast may paralyse nearby
                  | enemies. [demonic ancestry]
 11446 | D:9      | Reached XP level 11. HP: 52/84 MP: 1/23
 11666 | D:9      | Found Pipiv's Weapon Emporium.
 11894 | D:9      | Found a blossoming altar of Fedhas.
 11912 | D:9      | Killed a two-headed ogre
 12096 | D:9      | Killed a two-headed ogre
 12274 | D:10     | Entered Level 10 of the Dungeon
 12401 | D:10     | Noticed a two-headed ogre
 12406 | D:10     | Killed a two-headed ogre
 12425 | D:10     | Reached **** piety under Cheibriados
 12805 | D:10     | Noticed Erolcha
 12809 | D:10     | Killed Erolcha
 12810 | D:10     | Reached skill level 5 in Earth Magic
 12882 | D:10     | Noticed a two-headed ogre
 12891 | D:10     | Killed a two-headed ogre
 12892 | D:10     | Reached skill level 11 in Conjurations
 13159 | D:10     | Noticed Psyche
 13167 | D:10     | Killed Psyche
 13611 | D:11     | Noticed a two-headed ogre
 13619 | D:11     | Killed a two-headed ogre
 13967 | D:11     | Reached skill level 10 in Spellcasting
 14054 | D:11     | Found a staircase to the Orcish Mines.
 14498 | D:11     | Reached XP level 12. HP: 72/91 MP: 24/26
 14610 | D:11     | Learned a level 6 spell: Statue Form
 15013 | D:12     | Found Coheask's Antique Armour Shoppe.
 15073 | D:12     | Noticed a two-headed ogre
 15077 | D:12     | Killed a two-headed ogre
 15078 | D:12     | Noticed a two-headed ogre
 15086 | D:12     | Killed a two-headed ogre
 15087 | D:12     | Reached skill level 1 in Transmutations
 15151 | D:12     | Noticed a boulder beetle
 15286 | Lair:1   | Entered Level 1 of the Lair of Beasts
 15463 | Lair:1   | Slain by a blink frog

Illustrated notes

Levels and vault maps discovered:
D:1:      mrwooster_arrival_arrow, layout_basic,
          hellmonk_ecumenical_altar_arch_garden, minmay_liquid_box
D:2:      layout_loops_ring
D:3:      layout_basic, uniq_natasha
D:4:      layout_gridville, lemuel_crystal_altar, cheibrodos_sewer_entry_drain
D:5:      layout_loops_corners, zin_angel, minmay_temple_entry_mist,
          sigmund_army, uniq_crazy_yiuf_cottage
D:6:      layout_basic, led_sif_book, uniq_grinder, uniq_maggie
D:7:      layout_rooms, mainiacjoe_overflow_catwalk_spiral, minmay_checkerbox
D:8:      layout_rooms, grunt_decor_fettered, uniq_erica
D:9:      layout_cave_pools, marbit_many_paths, erik_lair_dragon, serial_shops,
          shop, kennysheep_kite_vault
D:10:     layout_gridville, uniq_erolcha, uniq_psyche
D:11:     layout_roguey, david_orc_2, kennysheep_donut
D:12:     layout_gridville, serial_shops, nicolae_shop_window_shopping
Temple:   lightli_temple_of_artemis
Lair:1:   layout_chaotic_city, portal_ice_cave_rime, gauntlet_entry_generic,
          cheibrodos_lair_caveside_slide, serial_bayou_shore_a, uniq_nergalle

Skill      XL: |  1  2  3  4  5  6  7  8  9 10 11 12 |
---------------+-------------------------------------+-----
Stealth        | 2 |  2.0
Dodging        | 2 6 7 |  7.0
Fighting       | 1 2 6 7 |  7.4
Spellcasting   | 3 6 7 8 10 | 10.2
Hexes          | 1 2 3 4 6 |  6.0
Conjurations   | 5 8 9 10 11 | 11.6
Earth Magic    | 3 6 |  6.3
Transmutations | 1 |  1.4

Action                   |  1- 3 |  4- 6 |  7- 9 | 10-12 || total
-------------------------+-------+-------+-------+-------++-------
Melee: Dagger            |    51 |    41 |   121 |       ||   213
       Tailslap          |     5 |     2 |    40 |    46 ||    93
       Trident           |       |       |   111 |   332 ||   443
       Punch             |       |       |     2 |     5 ||     7
Throw: Throwing net      |       |       |     1 |       ||     1
 Cast: Magic Dart        |    62 |    87 |    68 |    55 ||   272
       Searing Ray       |       |    20 |    59 |    75 ||   154
       Fulminant Prism   |       |       |     5 |    24 ||    29
       Leda's Liquefacti |       |       |       |    26 ||    26
  Use: Scroll            |     6 |       |     9 |     5 ||    20
       Potion            |       |     4 |     2 |       ||     6
 Stab: Sleeping          |     2 |       |     3 |     3 ||     8
       Distracted        |       |       |     4 |       ||     4
       Paralysed         |       |       |       |    52 ||    52
Armor: Robe              |     4 |     5 |    21 |    62 ||    92
       Skin              |       |       |     1 |       ||     1
       Steam dragon scal |       |       |    15 |       ||    15
Dodge: Dodged            |    45 |    39 |   171 |   257 ||   512
Block: Other             |       |     9 |    39 |    57 ||   105
